MID
HARTFORD YARD GOATS @ GREAT LAKES LOONS
08/17/2046
 
TOP OF THE 1ST
Hartford Yard Goats batting - Pitching for Great Lakes Loons : RHP Arturo Naranjo
Pitching: RHP Arturo Naranjo
Batting: RHB Zach Sommer 0-0: Ball
1-0: Ball
2-0: Ball
3-0: Fly out, F9 (Line Drive, 9, EV 95.6 MPH)
Batting: RHB Max Schellekens 0-0: Foul Ball, location: 2F
0-1: Ball
1-1: Ball
2-1: SINGLE (Groundball, 6MD, EV 106.9 MPH)
Batting: LHB Zack Guillen 0-0: Foul Ball, location: 2F
0-1: Ball
1-1: Ball
2-1: Fly out, F1 (Popup, 15, EV 81.2 MPH)
Batting: RHB Ernest Olkowicz 0-0: Called Strike
0-1: Foul Ball, location: 2F
0-2: Ball
1-2: Ball
2-2: Strikes out swinging
Top of the 1st over - 0 runs, 1 hit, 0 errors, 1 left on base; Hartford 0 - Great Lakes 0
BOTTOM OF THE 1ST
Great Lakes Loons batting - Pitching for Hartford Yard Goats : RHP Don Boudreau
Pitching: RHP Don Boudreau
Batting: LHB Jay Fenderson 0-0: Fly out, F8 (Line Drive, 8RM, EV 98.8 MPH)
Batting: LHB Stephen Van Raalte 0-0: Foul Ball, location: 2F
0-1: Swinging Strike
0-2: Strikes out swinging
Batting: SHB Todd Hewitt 0-0: Called Strike
0-1: Swinging Strike
0-2: Ball
1-2: Strikes out swinging
Bottom of the 1st over - 0 runs, 0 hits, 0 errors, 0 left on base; Hartford 0 - Great Lakes 0
TOP OF THE 2ND
Hartford Yard Goats batting - Pitching for Great Lakes Loons : RHP Arturo Naranjo
Batting: RHB Andy Solorzano 0-0: Foul Ball, location: 2F
0-1: Foul Ball, location: 2F
0-2: Fly out, F7 (Flyball, 78M, EV 90.0 MPH)
Batting: LHB Mike Clark 0-0: Called Strike
0-1: Foul Ball, location: 2F
0-2: Ground out 4-3 (Groundball, 4, EV 83.1 MPH)
Batting: RHB Nick Rang 0-0: Called Strike
0-1: Foul Ball, location: 2F
0-2: Ball
1-2: Ball
2-2: Strikes out swinging
Top of the 2nd over - 0 runs, 0 hits, 0 errors, 0 left on base; Hartford 0 - Great Lakes 0
BOTTOM OF THE 2ND
Great Lakes Loons batting - Pitching for Hartford Yard Goats : RHP Don Boudreau
Batting: LHB Kevin Wiebe 0-0: Called Strike
0-1: Called Strike
0-2: Ball
1-2: SOLO HOME RUN (Line Drive, 9D, EV 110.6 MPH), Distance : 404 ft
Batting: RHB Mario Gonzales 0-0: Ball
1-0: Fly out, F6 (Popup, 6MS, EV 71.2 MPH)
Batting: RHB Ryan Alban 0-0: Ball
1-0: Swinging Strike
1-1: Foul Ball, location: 2F
1-2: Foul Ball, location: 2F
1-2: Ball
2-2: Ball
3-2: Ground out 5-3 (Groundball, 56S, EV 68.1 MPH)
Batting: RHB Devon Fourcade 0-0: Ball
1-0: Foul Ball, location: 2F
1-1: Swinging Strike
1-2: Foul Ball, location: 2F
1-2: Ball
2-2: Strikes out swinging, 2-3 out at first.
Bottom of the 2nd over - 1 run, 1 hit, 0 errors, 0 left on base; Hartford 0 - Great Lakes 1
TOP OF THE 3RD
Hartford Yard Goats batting - Pitching for Great Lakes Loons : RHP Arturo Naranjo
Batting: RHB Steve Waltenbery 0-0: Ground out 2-3 (Groundball, 15S, EV 72.5 MPH)
Batting: RHB Manny Thompson 0-0: Called Strike
0-1: Ball
1-1: Ball
2-1: Swinging Strike
2-2: Ball
3-2: Foul Ball, location: 2F
3-2: Foul Ball, location: 2F
3-2: Foul Ball, location: 2F
3-2: DOUBLE (Flyball, 8LXD, EV 89.4 MPH)
Batting: RHB Zach Sommer 0-0: SINGLE (Groundball, 6, EV 93.8 MPH)
Manny Thompson to third
Batting: RHB Max Schellekens 0-0: Ball
1-0: Called Strike
Zach Sommer steals 2nd base (no throw)
1-1: Fly out, F9 (Line Drive, 89M, EV 85.0 MPH)
Batting: LHB Zack Guillen 0-0: Swinging Strike
0-1: Ball
1-1: TRIPLE (Line Drive, 9D, EV 112.5 MPH)
Manny Thompson scores
Zach Sommer scores
Batting: RHB Ernest Olkowicz 0-0: Ground out U3 (Groundball, 34S, EV 85.0 MPH)
Top of the 3rd over - 2 runs, 3 hits, 0 errors, 1 left on base; Hartford 2 - Great Lakes 1
BOTTOM OF THE 3RD
Great Lakes Loons batting - Pitching for Hartford Yard Goats : RHP Don Boudreau
Batting: RHB Roger Simmons 0-0: Ball
1-0: Ground out 6-3 (Groundball, 56, EV 97.5 MPH)
Batting: RHB Theo Schepers 0-0: Fly out, F7 (Flyball, 7, EV 91.2 MPH)
Batting: LHB Jay Fenderson 0-0: Called Strike
0-1: Swinging Strike
0-2: Strikes out swinging
Bottom of the 3rd over - 0 runs, 0 hits, 0 errors, 0 left on base; Hartford 2 - Great Lakes 1
TOP OF THE 4TH
Hartford Yard Goats batting - Pitching for Great Lakes Loons : RHP Arturo Naranjo
Batting: RHB Andy Solorzano 0-0: Foul Ball, location: 2F
0-1: Ball
1-1: Ball
2-1: Foul Ball, location: 2F
2-2: SOLO HOME RUN (Flyball, 7D, EV 100.0 MPH), Distance : 367 ft
Batting: LHB Mike Clark 0-0: Ball
1-0: DOUBLE (Groundball, 5L, EV 104.4 MPH)
Batting: RHB Nick Rang 0-0: Hit by Pitch
Batting: RHB Steve Waltenbery 0-0: SINGLE (Groundball, 25, EV 63.1 MPH) (infield hit)
Mike Clark to third
Nick Rang to second
Batting: RHB Manny Thompson 0-0: Called Strike
0-1: Ball
1-1: Called Strike
1-2: Foul Ball, location: 2F
1-2: Ball
2-2: Ball
3-2: SINGLE (Groundball, 6MD, EV 101.2 MPH)
Mike Clark scores
Nick Rang to third
Steve Waltenbery to second
Runner from 3rd tries for Home, SAFE, throw by CF to home
Batting: RHB Zach Sommer 0-0: Ball
Steve Waltenbery steals 3rd base
1-0: Fielders Choice at 2nd, 4-6 (Groundball, 4, EV 81.2 MPH)
Steve Waltenbery scores
Pitching: RHP Chad Norris
Batting: RHB Max Schellekens
DELAY Rain delay of 17 minutes in the 4th inning.
0-0: Ball
1-0: Fly out, F8 (Flyball, 8LXD, EV 105.6 MPH)
Batting: LHB Zack Guillen 0-0: Called Strike
0-1: Called Strike
0-2: Strikes out swinging
Top of the 4th over - 4 runs, 4 hits, 0 errors, 1 left on base; Hartford 6 - Great Lakes 1
BOTTOM OF THE 4TH
Great Lakes Loons batting - Pitching for Hartford Yard Goats : RHP Don Boudreau
Batting: LHB Stephen Van Raalte 0-0: Foul Ball, location: 2F
0-1: Ball
1-1: Ground out U3 (Groundball, 34S, EV 92.5 MPH)
Batting: SHB Todd Hewitt 0-0: Ball
1-0: Ground out 5-3 (Groundball, 56, EV 96.2 MPH)
Batting: LHB Kevin Wiebe 0-0: Swinging Strike
0-1: Foul Ball, location: 2F
0-2: Foul Ball, location: 2F
0-2: Strikes out swinging
Bottom of the 4th over - 0 runs, 0 hits, 0 errors, 0 left on base; Hartford 6 - Great Lakes 1
TOP OF THE 5TH
Hartford Yard Goats batting - Pitching for Great Lakes Loons : RHP Chad Norris
Batting: RHB Ernest Olkowicz 0-0: Ball
1-0: SINGLE (Line Drive, 89M, EV 86.9 MPH)
Batting: RHB Andy Solorzano 0-0: Fly out, F4 (Line Drive, 4, EV 66.2 MPH)
Batting: LHB Mike Clark 0-0: Called Strike
0-1: Ball
1-1: Called Strike
1-2: Fly out, F9 (Flyball, 89M, EV 95.0 MPH)
Batting: RHB Nick Rang 0-0: Ball
1-0: Ball
2-0: Ball
3-0: Base on Balls
Ernest Olkowicz to second
Batting: RHB Steve Waltenbery 0-0: Fielders Choice at 2nd, 5-4 (Groundball, 5, EV 89.4 MPH)
Top of the 5th over - 0 runs, 1 hit, 0 errors, 2 left on base; Hartford 6 - Great Lakes 1
BOTTOM OF THE 5TH
Great Lakes Loons batting - Pitching for Hartford Yard Goats : RHP Don Boudreau
Batting: RHB Mario Gonzales 0-0: Called Strike
0-1: Ball
1-1: Swinging Strike
1-2: Ball
2-2: Strikes out swinging
Batting: RHB Ryan Alban 0-0: Called Strike
0-1: Ball
1-1: Swinging Strike
1-2: Fly out, F8 (Line Drive, 8LM, EV 101.2 MPH)
Batting: RHB Devon Fourcade 0-0: Fly out, F8 (Flyball, 8LD, EV 91.9 MPH)
Bottom of the 5th over - 0 runs, 0 hits, 0 errors, 0 left on base; Hartford 6 - Great Lakes 1
TOP OF THE 6TH
Hartford Yard Goats batting - Pitching for Great Lakes Loons : RHP Chad Norris
Batting: RHB Manny Thompson 0-0: Ball
1-0: Ground out 6-3 (Groundball, 6, EV 85.6 MPH)
Batting: RHB Zach Sommer 0-0: Called Strike
0-1: Fly out, F8 (Flyball, 8LXD, EV 89.4 MPH)
Batting: RHB Max Schellekens 0-0: Called Strike
0-1: Fly out, F7 (Line Drive, 7LS, EV 92.5 MPH)
Top of the 6th over - 0 runs, 0 hits, 0 errors, 0 left on base; Hartford 6 - Great Lakes 1
BOTTOM OF THE 6TH
Great Lakes Loons batting - Pitching for Hartford Yard Goats : RHP Don Boudreau
Batting: RHB Roger Simmons 0-0: SINGLE (Groundball, 6D, EV 102.5 MPH)
Batting: RHB Theo Schepers 0-0: Ball
1-0: Called Strike
1-1: Foul Ball, location: 2F
1-2: Fielders Choice at 2nd, 6-4 (Groundball, 56, EV 106.9 MPH)
Batting: LHB Jay Fenderson 0-0: Called Strike
0-1: Ball
1-1: Foul Ball, location: 2F
1-2: Ball
2-2: Foul Ball, location: 2F
2-2: Foul Ball, location: 2F
2-2: Fielders Choice at 2nd, 6-4 (Groundball, 6, EV 95.0 MPH)
Batting: LHB Stephen Van Raalte 0-0: Foul Ball, location: 2F
0-1: Foul Ball, location: 2F
0-2: Strikes out swinging
Bottom of the 6th over - 0 runs, 1 hit, 0 errors, 1 left on base; Hartford 6 - Great Lakes 1
TOP OF THE 7TH
Hartford Yard Goats batting - Pitching for Great Lakes Loons : RHP Chad Norris
Batting: LHB Zack Guillen 0-0: Reached on error, E4 (Groundball, 4, EV 98.8 MPH)
Batting: RHB Ernest Olkowicz 0-0: Ball
1-0: Foul Ball, location: 2F
1-1: Fly out, F8 (Flyball, 8RD, EV 100.0 MPH)
Batting: RHB Andy Solorzano 0-0: Swinging Strike
0-1: Foul Ball, location: 2F
0-2: Foul Ball, location: 2F
0-2: Foul Ball, location: 2F
0-2: Strikes out swinging
Batting: LHB Mike Clark 0-0: Called Strike
0-1: SINGLE (Groundball, 4MS, EV 64.4 MPH) (infield hit)
Zack Guillen to second
Batting: RHB Nick Rang 0-0: Ball
1-0: Swinging Strike
1-1: Swinging Strike
1-2: Strikes out swinging
Top of the 7th over - 0 runs, 1 hit, 1 error, 2 left on base; Hartford 6 - Great Lakes 1
BOTTOM OF THE 7TH
Great Lakes Loons batting - Pitching for Hartford Yard Goats : RHP Don Boudreau
Batting: SHB Todd Hewitt 0-0: Swinging Strike
0-1: Ball
1-1: SINGLE (Groundball, 6M, EV 104.4 MPH)
Batting: LHB Kevin Wiebe 0-0: Foul Ball, location: 2F
0-1: Swinging Strike
0-2: Ball
1-2: Ball
2-2: Ball
3-2: Foul Ball, location: 2F
3-2: Foul Ball, location: 2F
3-2: Foul Ball, location: 2F
3-2: Foul Ball, location: 2F
3-2: Reached on error, E4 (Groundball, 4, EV 76.9 MPH)
Todd Hewitt to second
Batting: RHB Mario Gonzales 0-0: Called Strike
0-1: Ball
1-1: Called Strike
1-2: Ball
2-2: DOUBLE (Line Drive, 78D, EV 108.8 MPH)
Todd Hewitt scores
Kevin Wiebe to third
Pitching: LHP Ryan Morlan
Batting: RHB Ryan Alban 0-0: Ball
1-0: Foul Ball, location: 2F
1-1: SINGLE (Groundball, 5L, EV 94.4 MPH)
Kevin Wiebe scores
Mario Gonzales to third
Runner from 3rd tries for Home, SAFE, throw by LF to home
Batting: RHB Devon Fourcade 0-0: Ball
1-0: Called Strike
1-1: Ball
2-1: Foul Ball, location: 2F
2-2: Ball
3-2: Ground out 2-3 (Groundball, 2L, EV 68.8 MPH)
Ryan Alban to second
Batting: RHB Roger Simmons 0-0: Ball
1-0: Called Strike
1-1: Ball
2-1: Swinging Strike
2-2: Strikes out swinging
Batting: RHB Theo Schepers 0-0: Ball
1-0: Ball
2-0: Ball
3-0: Base on Balls
Pinch Hitting: RHB David Rodgers 0-0: Ball
1-0: Foul Ball, location: 2F
1-1: Foul Ball, location: 2F
1-2: Ball
2-2: Ball
3-2: SINGLE (Groundball, 4M, EV 101.2 MPH) (infield hit)
Ryan Alban to third
Theo Schepers to second
Pitching: RHP Dane Long
Batting: LHB Stephen Van Raalte 0-0: Called Strike
0-1: Ball
1-1: Foul Ball, location: 2F
1-2: Foul Ball, location: 2F
1-2: SINGLE (Groundball, 4MD, EV 108.8 MPH)
Ryan Alban scores
Theo Schepers to third
David Rodgers to second
Runner from 3rd tries for Home, throw by CF and OUT! 8-2
Bottom of the 7th over - 4 runs, 5 hits, 1 error, 2 left on base; Hartford 6 - Great Lakes 5
TOP OF THE 8TH
Hartford Yard Goats batting - Pitching for Great Lakes Loons : RHP Chad Norris
Pitching: RHP Stephen Stanley
Now in CF: Stephen Van Raalte
Now in RF: Enrique Andrade
Batting: RHB Steve Waltenbery 0-0: Foul Ball, location: 2F
0-1: Ball
1-1: Called Strike
1-2: Foul Ball, location: 2F
1-2: Ball
2-2: Ball
3-2: Strikes out looking
Batting: RHB Manny Thompson 0-0: Called Strike
0-1: Swinging Strike
0-2: Ground out 4-3 (Groundball, 4, EV 88.1 MPH)
Batting: RHB Zach Sommer 0-0: Ball
1-0: Ground out 6-3 (Groundball, 56, EV 85.0 MPH)
Top of the 8th over - 0 runs, 0 hits, 0 errors, 0 left on base; Hartford 6 - Great Lakes 5
BOTTOM OF THE 8TH
Great Lakes Loons batting - Pitching for Hartford Yard Goats : RHP Dane Long
Batting: SHB Todd Hewitt 0-0: Called Strike
0-1: Foul Ball, location: 2F
0-2: Strikes out swinging
Pitching: LHP Ruben Nunez
Batting: RHB Luis Grajeda 0-0: Ball
1-0: Called Strike
1-1: SOLO HOME RUN (Flyball, 7D, EV 99.4 MPH), Distance : 376 ft
Pitching: RHP Mitch Guerrero
Batting: RHB Mario Gonzales 0-0: Foul Ball, location: 2F
0-1: Called Strike
0-2: Strikes out swinging
Batting: RHB Ryan Alban 0-0: Ball
1-0: Called Strike
1-1: Swinging Strike
1-2: Strikes out swinging
Bottom of the 8th over - 1 run, 1 hit, 0 errors, 0 left on base; Hartford 6 - Great Lakes 6
TOP OF THE 9TH
Hartford Yard Goats batting - Pitching for Great Lakes Loons : RHP Stephen Stanley
Pitching: RHP Angel Rivas
Batting: RHB Max Schellekens 0-0: Ball
1-0: Called Strike
1-1: Ball
2-1: Ball
3-1: Foul Ball, location: 2F
3-2: Foul Ball, location: 2F
3-2: Base on Balls
Pinch Runner at 1st Eddie Gonzalez:
Batting: LHB Zack Guillen 0-0: Ball
1-0: Ball
Wild Pitch!
Eddie Gonzalez to second
2-0: Intentional Walk
Batting: RHB Ernest Olkowicz 0-0: Ball
1-0: Called Strike
1-1: Foul Ball, location: 2F
1-2: Ball
2-2: Foul Ball, location: 2F
2-2: Ball
3-2: Foul Ball, location: 2F
3-2: Base on Balls
Eddie Gonzalez to third
Zack Guillen to second
Batting: RHB Andy Solorzano 0-0: Ball
1-0: Ball
2-0: DOUBLE (Groundball, 5D, EV 93.8 MPH)
Eddie Gonzalez scores
Zack Guillen scores
Ernest Olkowicz to third
Runner from 3rd tries for Home, SAFE, throw by LF to trailing runner, SAFE at third!
Batting: LHB Mike Clark 0-0: Intentional Walk
Batting: RHB Nick Rang 0-0: Ball
1-0: Called Strike
1-1: Fly out, F8 (Flyball, 8LD, EV 88.8 MPH)
Runner from 3rd tags up, SCORES, throw by CF
Pitching: RHP Steve Mintz
Batting: RHB Steve Waltenbery 0-0: Called Strike
0-1: Ball
1-1: Ball
2-1: Ball
3-1: Fielders Choice at 2nd, 4-6 (Groundball, 4, EV 83.1 MPH)
Batting: RHB Manny Thompson 0-0: Called Strike
0-1: Ball
1-1: SINGLE (Line Drive, 9LS, EV 111.2 MPH)
Steve Waltenbery to second
Batting: RHB Zach Sommer 0-0: Called Strike
0-1: Ball
Wild Pitch!
Steve Waltenbery to third
Manny Thompson to second
1-1: Swinging Strike
1-2: Ground out 5-3 (Groundball, 56S, EV 85.0 MPH)
Top of the 9th over - 4 runs, 2 hits, 0 errors, 2 left on base; Hartford 10 - Great Lakes 6
BOTTOM OF THE 9TH
Great Lakes Loons batting - Pitching for Hartford Yard Goats : RHP Mitch Guerrero
Now in CF: Eddie Gonzalez
Batting: RHB Devon Fourcade 0-0: Called Strike
0-1: Fly out, F6 (Popup, 6MS, EV 63.8 MPH)
Batting: RHB Roger Simmons 0-0: Ball
1-0: Ball
2-0: Ball
3-0: Called Strike
3-1: SINGLE (Line Drive, 8RS, EV 87.5 MPH)
Batting: RHB Theo Schepers 0-0: Called Strike
0-1: Foul Ball, location: 2F
0-2: Foul Ball, location: 2F
0-2: Strikes out swinging
Batting: LHB Enrique Andrade 0-0: Ball
1-0: Ball
2-0: Ball
3-0: Base on Balls
Roger Simmons to second
Pitching: RHP Jim Butler
Batting: LHB Stephen Van Raalte 0-0: Called Strike
0-1: Foul Ball, location: 2F
0-2: DOUBLE (Flyball, 8LXD, EV 87.5 MPH)
Roger Simmons scores
Enrique Andrade to third
Batting: SHB Todd Hewitt 0-0: SINGLE (Line Drive, 56D, EV 98.1 MPH)
Enrique Andrade scores
Stephen Van Raalte to third
Batting: RHB Luis Grajeda 0-0: Called Strike
0-1: Ball
1-1: DOUBLE (Flyball, 7LD, EV 99.4 MPH)
Stephen Van Raalte scores
Todd Hewitt to third
Runner from 3rd tries for Home, SAFE, throw by LF to home
Batting: RHB Mario Gonzales 0-0: Ball
1-0: Foul Ball, location: 2F
1-1: Called Strike
1-2: Ground out 4-3 (Groundball, 4, EV 79.4 MPH)
Bottom of the 9th over - 4 runs, 4 hits, 0 errors, 1 left on base; Hartford 10 - Great Lakes 10
TOP OF THE 10TH
Hartford Yard Goats batting - Pitching for Great Lakes Loons : RHP Steve Mintz
Batting: LHB Eddie Gonzalez 0-0: Ball
1-0: Called Strike
1-1: Foul Ball, location: 2F
1-2: Foul Ball, location: 2F
1-2: Ground out 4-3 (Groundball, 4M, EV 97.5 MPH)
Pitching: LHP Dave Burridge
Pinch Hitting: RHB Justin Pellman 0-0: Ball
1-0: Foul Ball, location: 2F
1-1: Ball
2-1: Ball
3-1: Swinging Strike
3-2: Base on Balls
Pitching: RHP Dan Marino IV
Batting: RHB Ernest Olkowicz 0-0: Ball
1-0: DOUBLE (Flyball, 8RXD, EV 93.8 MPH)
Justin Pellman to third
Batting: RHB Andy Solorzano 0-0: Ball
1-0: Called Strike
1-1: Ball
2-1: 3-RUN HOME RUN (Flyball, 7LD, EV 93.8 MPH), Distance : 342 ft
Batting: LHB Mike Clark 0-0: Ball
1-0: Ball
2-0: Called Strike
2-1: SINGLE (Groundball, 4MD, EV 105.0 MPH)
Batting: RHB Nick Rang 0-0: Fly out, F9 (Flyball, 9LMF, EV 84.4 MPH)
Batting: RHB Steve Waltenbery 0-0: Called Strike
0-1: Called Strike
0-2: Ball
1-2: Strikes out swinging
Top of the 10th over - 3 runs, 3 hits, 0 errors, 1 left on base; Hartford 13 - Great Lakes 10
BOTTOM OF THE 10TH
Great Lakes Loons batting - Pitching for Hartford Yard Goats : RHP Jim Butler
Now in RF: Justin Pellman
Batting: RHB Ryan Alban 0-0: Called Strike
0-1: Fly out, F8 (Flyball, 8RD, EV 101.9 MPH)
Pinch Hitting: LHB Antonio Fierros 0-0: Called Strike
0-1: Foul Ball, location: 2F
0-2: Ball
1-2: Strikes out swinging, 2-3 out at first.
Batting: RHB Roger Simmons 0-0: Swinging Strike
0-1: Swinging Strike
0-2: Ball
1-2: Strikes out swinging
Bottom of the 10th over - 0 runs, 0 hits, 0 errors, 0 left on base; Hartford 13 - Great Lakes 10
Tuesday, September 13th , 2022 - OOTP Baseball 23.7 Build 88